 Dungeon Crawl Stone Soup version 0.14.0-26-g1682e81 (webtiles) character file.

1766 Gravenous the Spear-Bearer (level 8, -3/51 HPs)
             Began as an Octopode Artificer on Apr 25, 2014.
             Slain by a sky beast (6 damage)
             ... on Level 7 of the Dungeon.
             The game lasted 00:15:16 (5868 turns).

Gravenous the Spear-Bearer (Octopode Artificer)     Turns: 5868, Time: 00:15:16

HP  -3/51        AC  1     Str 12      XL: 8   Next: 88%
MP  12/12        EV 15     Int 16      God:
Gold 212         SH  0     Dex 12 (13) Spells:  0 memorised,  7 levels left

rFire  . . .     SeeInvis .     j - +0 trident
rCold  . . .     Clarity  .     (no shield)
rNeg   . . .     Conserve .     (helmet restricted)
rPois  .         rCorr    .     (no amulet)
rElec  .         rRot     .     l - +2 ring of strength
SustAb . .       Spirit   .     D - ring of invisibility
rMut   .         Warding  .     (no ring)
Saprov . . .     Stasis   .     (no ring)
MR     .....                    (no ring)
                                (no ring)
                                (no ring)
                                (no ring)

@: not resistant to hostile enchantments, stealthy
A: almost no armour, amphibious, 8 rings, constrict 8, camouflage 1, gelatinous
body 1
a: Evoke Invisibility


You were on level 7 of the Dungeon.
You were not hungry.

You visited 1 branch of the dungeon, and saw 7 of its levels.

You collected 212 gold pieces.

Inventory:

Hand weapons
 a - a +0,+0 short sword
 h - the +8,+2 dagger "Rumuro" {stab, rPois}
   (You found it on level 4 of the Dungeon)

   It inflicts extra damage upon your enemies.
   It protects you from poison.
 j - a +0,+0 trident (weapon)
 t - a +1,+1 spear
Magical devices
 b - a wand of flame (0)
 c - a wand of enslavement (9)
 d - a wand of random effects (0)
 r - a wand of heal wounds (0)
 x - a wand of heal wounds (0)
Comestibles
 f - a bread ration
 i - a beef jerky
 u - an apple
 w - 2 meat rations
 I - an orange
Scrolls
 k - 2 scrolls of blinking
 m - 9 scrolls of remove curse
 n - a scroll of fear
 o - 2 scrolls of random uselessness
 q - 4 scrolls of identify
 s - a scroll of teleportation
Jewellery
 l - a +2 ring of strength (left tentacle)
 v - an uncursed amulet of stasis {unknown}
 D - a ring of invisibility (right tentacle)
Potions
 e - 4 potions of curing
 g - 2 potions of cure mutation
 p - a potion of resistance


   Skills:
 - Level 2.6 Fighting
 - Level 1.0 Short Blades
 * Level 8.4 Polearms
 + Level 6.5 Dodging
 - Level 1.3 Stealth
 - Level 3.2 Evocations


You had 7 spell levels left.
You didn't know any spells.

Dungeon Overview and Level Annotations

Branches:
Dungeon (7/15)
 Temple: D:4-7

Altars:


Innate Abilities, Weirdness & Mutations

You cannot wear most types of armour.
You are amphibious.
You can wear up to eight rings at the same time.
You can use your tentacles to constrict many enemies at once.
Your skin changes colour to match your surroundings (Stlth).
Your rubbery body absorbs attacks (AC +1).


Message History

* * * LOW HITPOINT WARNING * * *
Unknown command.
Evoke which item? (* to show all) (? for menu, Esc to quit)
Zapping:
x - a wand of heal wounds {zapped: 3}
Press: ? - help, Shift-Dir - straight line, f - you You feel much better.
Something closely misses you.
You miss something. Something hits you. Something shocks you.
* * * LOW HITPOINT WARNING * * *
You barely miss something. Your squeeze misses something. Something hits you.
* * * LOW HITPOINT WARNING * * *
Something shocks you!
* * * LOW HITPOINT WARNING * * *
You hit something but do no damage. Something completely misses you.
Evoke which item? (* to show all) (? for menu, Esc to quit)
Zapping:
x - a wand of heal wounds {zapped: 4}
Press: ? - help, Shift-Dir - straight line, f - you Nothing appears to happen.
Something hits you.
* * * LOW HITPOINT WARNING * * *
Something shocks you!
You die...

#...# #...... #...#
#...... #...# #......
#...#######......
########................
#.........#########.....
#.......>.# #.....
#.........# #.....
#......@..# #.....
#.........# #.####
..........# #.#
..........# .
..........# .........#
.♣......# .......# ...


There were no monsters in sight!

Vanquished Creatures
  Grinder (D:4)
  Prince Ribbit (D:5)
  A hippogriff (D:7)
  An orc warrior (D:4)
  2 sky beasts (D:5)
  A giant frog (D:7)
  A scorpion (D:6)
  3 crimson imps
  A quasit (D:6)
  A centaur zombie (D:5)
  A hound (D:5)
  A gnoll shaman (D:5)
  2 orc priests (D:7)
  An orc wizard (D:4)
  2 worker ants (D:4)
  A hound skeleton (D:6)
  3 adders
  5 gnolls (D:5)
  A giant mite (D:3)
  2 worms
  A giant eyeball (D:4)
  A giant gecko (D:2)
  An ooze (D:6)
  12 orcs
  2 ball pythons (D:3)
  A bat skeleton (D:6)
  4 giant cockroaches
  6 goblins
  7 hobgoblins
  13 jackals
  2 quokkas
  12 bats
  A giant gecko skeleton (D:5)
  5 giant newts
  6 kobolds
  An orc skeleton (D:4)
  23 rats
  A rat skeleton (D:4)
  4 ballistomycetes (D:7)
135 creatures vanquished.

Vanquished Creatures (collateral kills)
  An ogre (D:5)
  A jelly (D:5)
2 creatures vanquished.

Vanquished Creatures (others)
  A giant spore (D:7)
1 creature vanquished.

Grand Total: 138 creatures vanquished

Notes
Turn   | Place    | Note
--------------------------------------------------------------
     0 | D:1      | Gravenous, the Octopode Artificer, began the quest for the Orb.
     0 | D:1      | Reached XP level 1. HP: 13/13 MP: 1/1
   468 | D:1      | Reached XP level 2. HP: 13/18 MP: 3/3
   969 | D:1      | Reached XP level 3. HP: 20/24 MP: 4/4
  2209 | D:3      | Reached skill level 1 in Polearms
  2209 | D:3      | Reached XP level 4. HP: 24/30 MP: 6/6
  2680 | D:4      | Reached XP level 5. HP: 35/35 MP: 7/7
  2811 | D:4      | Noticed Grinder
  2826 | D:4      | Paralysed by something for 3 turns
  2831 | D:4      | Paralysed by something for 4 turns
  2836 | D:5      | Entered Level 5 of the Dungeon
  3088 | D:5      | Reached XP level 6. HP: 41/41 MP: 9/9
  3132 | D:5      | Noticed Prince Ribbit
  3137 | D:5      | Killed Prince Ribbit
  3137 | D:5      | Reached skill level 4 in Polearms
  3154 | D:5      | Noticed a sky beast
  3337 | D:4      | Killed Grinder
  3337 | D:4      | Reached skill level 5 in Polearms
  3337 | D:4      | Reached skill level 5 in Dodging
  3337 | D:4      | Reached XP level 7. HP: 39/45 MP: 10/10
  3339 | D:4      | Got a bone dagger
  3340 | D:4      | Identified the +8,+2 dagger "Rumuro" {stab, rPois} (You found it on level 4 of the Dungeon)
  3401 | D:4      | Noticed an orc warrior
  3430 | D:4      | Killed an orc warrior
  3430 | D:4      | Reached skill level 6 in Polearms
  3763 | D:4      | Paralysed by a giant eyeball for 3 turns
  3928 | D:5      | Killed a sky beast
  3928 | D:5      | Reached XP level 8. HP: 23/51 MP: 12/12
  4194 | D:5      | Noticed a sky beast
  4229 | D:5      | Killed a sky beast
  4388 | D:5      | Reached skill level 7 in Polearms
  5668 | D:7      | Reached skill level 8 in Polearms
  5863 | D:7      | HP: 1/51 [something (6)]
  5868 | D:7      | Slain by a sky beast

Action                   |  1- 3 |  4- 6 |  7- 9 || total
-------------------------+-------+-------+-------++-------
Melee: Short sword       |    89 |       |       ||    89
       Spear             |    32 |    64 |   175 ||   271
       Trident           |       |       |    17 ||    17
Evoke: Wand              |     1 |    30 |    31 ||    62
  Use: Scroll            |       |    16 |     5 ||    21
       Potion            |       |     4 |     3 ||     7
 Stab: Sleeping          |    11 |     4 |     5 ||    20
       Confused          |       |       |     1 ||     1
